 Dungeon Crawl Stone Soup version 0.30-a0-54-g2e61a25929 (webtiles) character file.

Game seed: 12635928827917597931

292 Alfie the Trooper (level 6, -1/53 HPs)
             Began as a Hill Orc Fighter on Sept 7, 2022.
             Slain by a scorpion (3 damage)
             ... on level 4 of the Dungeon.
             The game lasted 00:07:19 (3624 turns).

Alfie the Trooper (Hill Orc Fighter)                Turns: 3624, Time: 00:07:20

Health: -1/53      AC:  9    Str: 21    XL:     6   Next: 33%
Magic:  6/6        EV: 13    Int:  8    God:
Gold:   165        SH:  4    Dex: 10    Spells: 5/5 levels left

rFire   . . .      SeeInvis .    a - +0 rapier
rCold   . . .      Faith    .    c - +0 buckler
rNeg    . . .      Spirit   .    b - +1 scale mail
rPois   .          Reflect  .    f - +0 helmet
rElec   .          Harm     .    (no cloak)
rCorr   .          Rampage  .    (no gloves)
Will    .....                    (no boots)
Stlth   ..........               (no amulet)
HPRegen 0.17/turn                h - +4 ring of evasion
MPRegen 0.10/turn                (no ring)

@: lethally poisoned (-1 -> -5)
A: no striking features
a: no special abilities


You were on level 4 of the Dungeon.
You visited 1 branch of the dungeon, and saw 4 of its levels.

You collected 165 gold pieces.

Inventory:

Hand Weapons
 a - a +0 rapier (weapon)
Armour
 b - a +1 scale mail (worn)
 c - a +0 buckler (worn)
 f - a +0 helmet (worn)
 j - a +0 helmet
Jewellery
 h - a +4 ring of evasion (left hand)
 k - a +6 ring of intelligence
Wands
 g - a wand of flame (15)
Scrolls
 i - 2 scrolls of identify
 l - a scroll of butterflies
 n - a scroll of brand weapon {unknown}
 o - a scroll of teleportation
 q - a scroll of torment {unknown}
Potions
 d - 3 potions of might
 e - 2 potions of lignification
 m - 2 potions of curing
 p - a potion of attraction {unknown}
 r - a potion of brilliance {unknown}


   Skills:
 + Level 4.6 Fighting
 + Level 4.3 Short Blades
 + Level 4.4 Armour
 + Level 1.1 Dodging
 + Level 1.0 Stealth
 + Level 4.0 Shields


You had 5 spell levels left.
You didn't know any spells.
Your spell library contained the following spells:

 Spells                   Type           Power      Damage    Failure   Level
 Sandblast                Erth           0%         2d4       83%         1
 Shock                    Conj/Air       0%         1d3       83%         1
 Passwall                 Tmut/Erth      0%         N/A       92%         2
 Stone Arrow              Conj/Erth      0%         3d7       99%         3
 Swiftness                Air            0%         N/A       99%         3
 Airstrike                Air            0%         2d(0-16)  100%        4


Dungeon Overview and Level Annotations

Branches:
Dungeon (4/15)
 Temple: D:4-7

Altars:
Uskayaw

Shops:
D:2 :


Message History

You barely miss the iguana.
The iguana is almost dead.
The iguana closely misses you.
You hit the iguana.
You kill the iguana!
You see here an iguana corpse.
Found a scale mail.
The walls and floor vibrate strangely for a moment.
Found a leather armour.
Found a stone staircase leading down.
Found 7 gold pieces.
Found a stone staircase leading up.
Found 4 stones.
Found 3 stones.
A scorpion comes into view.
The scorpion completely misses you.
You hit the scorpion.
The scorpion is lightly wounded.
The scorpion closely misses you. You block the scorpion's attack.
You closely miss the scorpion.
The scorpion is lightly wounded.
The scorpion stings you.
* * * LOW HITPOINT WARNING * * *
You are lethally poisoned!
The scorpion poisons you!
You completely miss the scorpion.
The scorpion is lightly wounded.
* * * LOW HITPOINT WARNING * * *
You feel very sick. The scorpion misses you.
You closely miss the scorpion.
The scorpion is lightly wounded.
* * * LOW HITPOINT WARNING * * *
You feel sick.
The scorpion stings you but does no damage.
You hit the scorpion but do no damage.
The scorpion is lightly wounded.
* * * LOW HITPOINT WARNING * * *
You feel sick. The scorpion stings you.
You die...

#.#####..............#
.... .............##
.....) .............#
...... .............#
..#### ..<..........#
### ........##.#### #
......(........ .
........##.##### .
.........@.....#
.......#(s.......
...............##
.≈≈...........##
.≈≈≈≈.........#
.≈≈≈≈≈≈.......#
.≈≈≈≈≈≈≈......#
..≈≈≈≈≈≈.......


You could see a scorpion.

Vanquished Creatures
  A black bear (D:4)
  A hound (D:4)
  Jessica (D:2)
  2 iguanas (D:4)
  Robin (D:2)
  An adder (D:4)
  3 worms
  An orc (D:3)
  4 ball pythons
  4 bats
  7 endoplasms
  4 giant cockroaches
  8 goblins
  3 hobgoblins (D:2)
  4 jackals (D:1)
  8 quokkas
  4 frilled lizards
  5 kobolds
  2 rats
64 creatures vanquished.

Notes
Turn   | Place    | Note
-------+----------+-------------------------------------------
     0 | D:1      | Alfie the Hill Orc Fighter began the quest for the Orb.
     0 | D:1      | Reached XP level 1. HP: 19/19 MP: 1/1
    74 | D:1      | Reached XP level 2. HP: 18/27 MP: 2/2
   918 | D:1      | Reached XP level 3. HP: 33/33 MP: 3/3
  1333 | D:2      | Found a faded altar of an unknown god.
  1382 | D:2      | Found Puri's Book Shop.
  1510 | D:2      | Noticed Jessica
  1533 | D:2      | Killed Jessica
  1534 | D:2      | Reached XP level 4. HP: 10/41 MP: 4/4
  2207 | D:2      | Noticed Robin
  2278 | D:2      | Killed Robin
  2597 | D:2      | Found a hide-covered altar of Uskayaw.
  2985 | D:3      | You fall into a shaft and drop 1 floor!
  3018 | D:4      | Reached XP level 5. HP: 20/47 MP: 5/5
  3304 | D:4      | Noticed a black bear
  3325 | D:4      | Killed a black bear
  3326 | D:4      | Reached skill level 1 in Dodging
  3326 | D:4      | Reached skill level 1 in Stealth
  3326 | D:4      | Reached XP level 6. HP: 29/53 MP: 6/6
  3624 | D:4      | HP: 2/53 [poisoned by a scorpion]
  3624 | D:4      | Slain by a scorpion

Illustrated notes

Levels and vault maps discovered:
D:1:      dpeg_arrival_stone_temple_mockup, layout_basic
D:2:      layout_loops_cross, basic_altar, ebering_ecumenical_altar_hall,
          serial_shops, nicolae_shop_statue_plus, uniq_robin, uniq_jessica
D:3:      layout_basic, nicolae_gozag_zags_fifth_avenue,
          grunt_temple_overflow_diamond
D:4:      minmay_chambers_of_fours, layout_basic,
          nicolae_overflow_hidden_temple, temple_pool_b, enter_ossuary_1

Skill      XL: |  1  2  3  4  5  6 |
---------------+-------------------+-----
Fighting       | 4 |  4.6
Short Blades   | 3 4 |  4.3
Armour         | 4 |  4.4
Shields        | 4 |  4.0
Dodging        | 1 |  1.1
Stealth        | 1 |  1.0

Action                   |  1- 3 |  4- 6 || total
-------------------------+-------+-------++-------
Melee: Rapier            |   126 |   208 ||   334
  Use: Scroll            |     2 |     3 ||     5
       Potion            |       |     2 ||     2
 Stab: Invisible         |       |     3 ||     3
Armor: Scale mail        |    64 |    86 ||   150
Dodge: Dodged            |    66 |   177 ||   243
Block: Buckler           |    28 |    47 ||    75

Table legend: (Time is in decaauts)
 A = Elapsed time spent in this place.
 B = Non-inter-level travel time spent in this place.
 C = Inter-level travel time spent in this place.
 D = Time resting spent in this place.
 E = Time spent auto-exploring this place.
 F = Levels seen in this place.
 G = Mean time per level.
                   A        B        C        D        E       F      G
               +--------+--------+--------+--------+--------+-----+--------+
         Total |   3654 |   3595 |     59 |      0 |   2759 |   4 |  913.5 |
       Dungeon |   3654 |   3595 |     59 |      0 |   2759 |   4 |  913.5 |
               +--------+--------+--------+--------+--------+-----+--------+

Top non-repeatable levels by time:
     D:2: 1418 daAuts
     D:1: 1285 daAuts
     D:4: 643 daAuts
     D:3: 307 daAuts
